 Dungeon Crawl Stone Soup version 0.31.0-11-ge490571c62 (webtiles) character file.

Game seed: 12644446366357475384

446 ezpacito the Chopper (level 6, 0/48 HPs)
             Began as a Demonspawn Berserker on Jan 31, 2024.
             Was a Priest of Trog.
             Slain by a mummy (12 damage)
             ... in an ossuary.
             The game lasted 00:03:33 (2732 turns).

ezpacito the Chopper (Demonspawn Berserker)         Turns: 2732, Time: 00:03:33

Health: 0/48       AC:  9    Str: 17    XL:     6   Next: 73%
Magic:  6/6        EV:  8    Int:  8    God:    Trog [***...]
Gold:   118        SH:  0    Dex: 14    Spells: 5/5 levels left

rFire   . . .        a - +1 hand axe
rCold   . . .        (no shield)
rNeg    . . .        m - +0 chain mail
rPois   .            (no helmet)
rElec   .            (no cloak)
rCorr   .            (no gloves)
SInv    .            (no boots)
Will    .....        (no amulet) Stlth
                     (no ring)
HPRegen 0.28/turn    (no ring)
MPRegen 0.10/turn

%: no passive effects
@: on berserk cooldown, slowed, very slow
A: foul stench 2, demonic magic 1
a: Renounce Religion, Berserk, Trog's Hand


You were in an ossuary.
You worshipped Trog.
Trog was most pleased with you.
You visited 1 branch of the dungeon, and saw 4 of its levels.
You also visited: Ossuary.

You collected 118 gold pieces.

Inventory:

Hand Weapons
 a - a +1 hand axe (weapon)
 j - a +0 sling
 k - a +0 dagger
Missiles
 g - 34 stones (quivered)
Armour
 m - a +0 chain mail (worn)
Potions
 b - a potion of ambrosia {unknown}
 d - a potion of heal wounds
 l - a potion of curing {unknown}


   Skills:
 * Level 4.0 Fighting
 * Level 4.6 Axes
 * Level 3.4 Armour
 * Level 2.5 Dodging
 * Level 1.8 Stealth
 * Level 1.5 Unarmed Combat


You had 5 spell levels left.
You didn't know any spells.
Your spell library contained the following spells:

 Spells                   Type           Power      Damage    Failure   Level
 Ozocubu's Armour         Ice            0%         N/A       100%        3
 Metabolic Englaciation   Hex/Ice        0%         N/A       100%        5
 Sculpt Simulacrum        Ice/Alch       0%         N/A       100%        6


Dungeon Overview and Level Annotations

Branches:
Dungeon (4/15)            Ossuary (1/1)
 Temple: D:4-7

Altars:
Nemelex Xobeh


Innate Abilities, Weirdness & Mutations

You sometimes emit foul miasma when damaged in melee.
Spells you cast may paralyse adjacent enemies.


Message History

The bog mummy is severely damaged.
The bog mummy barely misses you.
You hit the bog mummy.
The bog mummy is almost destroyed.
You hit the bog mummy.
You destroy the bog mummy!
Trog accepts your kill.
Trog appreciates your killing of a magic user.
Found three items.
The howler monkey zombie barely misses you.
There is an open door here.
You slash the howler monkey zombie!
The howler monkey zombie is moderately damaged.
The howler monkey zombie closely misses you.
You slash the howler monkey zombie!
The howler monkey zombie is almost destroyed.
You hit the howler monkey zombie.
The howler monkey zombie is almost destroyed.
The howler monkey zombie hits you but does no damage.
You slash the howler monkey zombie!
You destroy the howler monkey zombie!
Trog accepts your kill.
You are no longer berserk.
You are exhausted.
You feel yourself slow down.
You see here a scroll labelled DOZOIM VUTZ.
The mummy hits you but does no damage.
There is an open door here.
The mummy hits you.
You emit a cloud of foul miasma!
You hit the mummy.
The mummy is moderately damaged.
The mummy hits you!
* * * LOW HITPOINT WARNING * * *
You hit the mummy.
The mummy is heavily damaged.
The mummy closely misses you.
You barely miss the mummy.
The mummy is heavily damaged.
The mummy hits you!
You die...

###########
#.#.#.#.#.#
###'#'#'#'#'#+#+#
#.'.............+
###.#####.#####.#
#.'.#?!?#.#...#.+
###@'?=?#.#.∩.'.#
+M#!??#.#∩..#.+
#.#####~#####.#
+.' '.' +.+ #.#
#~# #~# +.# #~#
#~+ #.' +.# +.#
~.


You could see a mummy.

Vanquished Creatures
  A black bear (D:4)
  3 bullfrog zombies (Ossuary)
  2 orc wizards (D:3)
  A hound zombie (Ossuary)
  3 mummies (Ossuary)
  2 howler monkey zombies (Ossuary)
  4 adders (D:2)
  An adder skeleton (D:4)
  An adder zombie (D:4)
  A dart slug (D:1)
  3 ribbon worms
  4 orcs
  8 ball pythons
  5 bats
  6 endoplasms
  2 giant cockroaches
  5 goblins
  4 hobgoblins
  2 jackals (D:1)
  4 kobolds
  3 quokkas
  2 ball python zombies (Ossuary)
  4 frilled lizards
  7 rats
78 creatures vanquished.

Notes
Turn   | Place    | Note
-------+----------+-------------------------------------------
     0 | D:1      | ezpacito the Demonspawn Berserker began the quest for the
                  | Orb.
     0 | D:1      | Reached XP level 1. HP: 18/18 MP: 1/1
   262 | D:1      | Gained mutation: You may rarely emit foul miasma when
                  | damaged in melee. [demonic ancestry]
   262 | D:1      | Reached XP level 2. HP: 24/24 MP: 2/2
   792 | D:2      | Reached ** piety under Trog
   798 | D:2      | Gained mutation: You sometimes emit foul miasma when
                  | damaged in melee. [demonic ancestry]
   798 | D:2      | Reached XP level 3. HP: 15/29 MP: 3/3
  1366 | D:2      | Reached XP level 4. HP: 28/35 MP: 4/4
  1721 | D:3      | Reached skill level 1 in Stealth
  1735 | D:3      | Reached skill level 1 in Unarmed Combat
  1735 | D:3      | Gained mutation: Spells you cast may paralyse adjacent
                  | enemies. [demonic ancestry]
  1735 | D:3      | Reached XP level 5. HP: 41/42 MP: 5/5
  2489 | D:4      | Found a sparkling altar of Nemelex Xobeh.
  2509 | D:4      | Noticed a black bear
  2517 | D:4      | Killed a black bear
  2540 | D:4      | Found a sand-covered staircase.
  2553 | Ossuary  | Entered an ossuary
  2601 | Ossuary  | Reached *** piety under Trog
  2602 | Ossuary  | Reached XP level 6. HP: 28/48 MP: 6/6
  2732 | Ossuary  | Slain by a mummy

Illustrated notes

Levels and vault maps discovered:
D:1:      dpeg_arrival_orchard, layout_loops_ring
D:2:      layout_loops_cross
D:3:      layout_loops_ring, serial_glass, glass_columns_a, glass_columns_c
D:4:      layout_gridville, nemelex_diamond_rough_becter,
          mainiacjoe_ossuary_entry_find_the_door, dreamdust_princess_bridge,
          uniq_duvessa, uniq_sigmund
Ossuary:  ossuary_zaba_flooded

Skill      XL: |  1  2  3  4  5  6 |
---------------+-------------------+-----
Armour         | 2 3 |  3.4
Axes           | 3 4 |  4.6
Dodging        | 2 |  2.5
Stealth        | 1 |  1.8
Unarmed Combat | 1 |  1.5
Fighting       | 4 |  4.0

Action                     |  1- 3 |  4- 6 || total
---------------------------+-------+-------++-------
  Melee: Hand axe          |   104 |   154 ||   258
         Punch             |       |     5 ||     5
 Invoke: Berserk           |       |     3 ||     3
    Use: Potion            |       |     1 ||     1
         Scroll            |       |     5 ||     5
 Armour: Ring mail         |     8 |       ||     8
         Scale mail        |    65 |    39 ||   104
         Chain mail        |       |    83 ||    83
  Dodge: Dodged            |    57 |    63 ||   120
